 Dungeon Crawl Stone Soup version 0.30-b1-2-g02819fbbbe (webtiles) character file.

Game seed: 1555398048529080313

55 manyhoops the Digger (level 3, -2/26 HPs)
             Began as a Demigod Earth Elementalist on Dec 1, 2023.
             Killed by nerve-wracking pain
             ... invoked by an orc priest
              (6 damage)
             ... on level 2 of the Dungeon.
             The game lasted 00:02:22 (1635 turns).

manyhoops the Digger (Demigod Earth Elementalist)   Turns: 1635, Time: 00:02:23

Health: -2/26      AC:  2    Str:  9    XL:     3   Next: 45%
Magic:  8/9        EV: 12    Int: 21    God:
Gold:   138        SH:  0    Dex: 14    Spells: 6/7 levels left

rFire   . . .        g - +1 dagger (venom)
rCold   . . .        (no shield)
rNeg    . . .        a - +0 robe
rPois   .            (no helmet)
rElec   .            (no cloak)
rCorr   .            (no gloves)
SInv    .            (no boots)
Will    .....        (no amulet)
Stlth   ++           f - ring of flight
HPRegen 0.24/turn    (no ring)
MPRegen 0.11/turn

%: no passive effects
@: flying
A: high MP 1, forlorn, divine attributes
a: no special abilities


You were on level 2 of the Dungeon.
You visited 1 branch of the dungeon, and saw 2 of its levels.

You collected 138 gold pieces.

Inventory:

Hand Weapons
 g - a +1 dagger of venom (weapon)
Armour
 a - a +0 robe (worn)
Magical Staves
 i - a staff of cold
Jewellery
 f - a ring of flight (left hand)
Wands
 j - a wand of flame (6)
Scrolls
 c - a scroll of blinking {unknown}
 d - a scroll of silence {unknown}
 e - a scroll of brand weapon {unknown}
Potions
 h - a potion of mutation {unknown}
 k - a potion of attraction {unknown}


   Skills:
 - Level 1.7 Dodging
 - Level 1.7 Stealth
 + Level 2.6 Spellcasting
 - Level 0.8 Transmutations
 + Level 3.6 Earth Magic


You had 6 spell levels left.
You knew the following spells:

 Your Spells              Type           Power      Damage    Failure   Level
a - Sandblast             Erth           36%        2d10      3%          1

Your spell library contained the following spells:

 Spells                   Type           Power      Damage    Failure   Level
 Passwall                 Tmut/Erth      10%        N/A       9%          2
 Stone Arrow              Conj/Erth      20%        3d8       21%         3
 Petrify                  Tmut/Erth      12%        N/A       47%         4
 Animate Armour           Summ/Erth      20%        N/A       54%         4
 Blade Hands              Tmut           3%         N/A       95%         5
 Iron Shot                Conj/Erth      5%         9d2       100%        6


Dungeon Overview and Level Annotations

Branches:
Dungeon (2/15)


Innate Abilities, Weirdness & Mutations

You have an increased reservoir of magic. (+10% MP)
You shall have no god before yourself.
Your divine heritage dramatically boosts your attributes as you level up.


Message History

Casting: Sandblast (safe; 3% risk of failure)
Confirm with . or Enter, or press ? or * to list all spells.
Aiming: Sandblast (safe; 3% risk of failure)
Press: ? - help, Shift-Dir - straight line, f/p - orc priest
Aim: an orc priest, wielding a +0 club and wearing a +0 ring mail (moderately wounded, 84% to hit)
The blast of sand hits the orc priest but does no damage.
The orc priest is moderately wounded.
The orc priest hits you with a +0 club.
* * * LOW HITPOINT WARNING * * *
Unknown command.
Casting: Sandblast (safe; 3% risk of failure)
Confirm with . or Enter, or press ? or * to list all spells.
Aiming: Sandblast (safe; 3% risk of failure)
Press: ? - help, Shift-Dir - straight line, f/p - orc priest
Aim: an orc priest, wielding a +0 club and wearing a +0 ring mail (moderately wounded, 84% to hit)
The blast of sand hits the orc priest.
The orc priest is moderately wounded.
The orc priest barely misses you. x2
Casting: Sandblast (safe; 3% risk of failure)
Confirm with . or Enter, or press ? or * to list all spells.
Aiming: Sandblast (safe; 3% risk of failure)
Press: ? - help, Shift-Dir - straight line, f/p - orc priest
Aim: an orc priest, wielding a +0 club and wearing a +0 ring mail (moderately wounded, 84% to hit)
The blast of sand hits the orc priest.
The orc priest is severely wounded.
The orc priest hits you but does no damage.
Your magical contamination has completely faded away.
Unknown command.
Magic courses through your body. The orc priest hits you with a +0 club.
* * * LOW HITPOINT WARNING * * *
Casting: Sandblast (safe; 3% risk of failure)
Confirm with . or Enter, or press ? or * to list all spells.
Aiming: Sandblast (safe; 3% risk of failure)
Press: ? - help, Shift-Dir - straight line, f/p - orc priest
Aim: an orc priest, wielding a +0 club and wearing a +0 ring mail (severely wounded, 84% to hit)
The blast of sand hits the orc priest but does no damage.
The orc priest is severely wounded.
The orc priest mumbles some strange prayers to Beogh against you.
Pain shoots through your body!
You die...

......#.# #.#.#
#.#.......<#.###
#.......#
#.#.###.####.#####....
##.######
#.#...#.#.....# #####
#.# #.###.#.#.#...# #.#
#.###.#.#.#...# #+#
#.......#.#...#
#####.###.##..### #.#
#.......### # ## #@#
#.........# ##
##...##o####.#.#.†..###.
.o....)...............'.
##...##)####.#......###.
#... ..# #.###..#.# ##
#.# #..# #........# # #
#..# #.###..### #+# #..#
#......# #.# ...#
#####.##


You could see an orc priest.

Vanquished Creatures
  An adder (D:2)
  2 dart slugs
  2 orcs (D:2)
  3 bats
  2 endoplasms
  A giant cockroach (D:1)
  6 goblins
  2 hobgoblins
  4 jackals (D:1)
  2 kobolds
  A quokka (D:1)
  3 ball pythons
  3 frilled lizards
  5 rats
37 creatures vanquished.

Notes
Turn   | Place    | Note
-------+----------+-------------------------------------------
     0 | D:1      | manyhoops the Demigod Earth Elementalist began the quest
                  | for the Orb.
     0 | D:1      | Reached XP level 1. HP: 14/14 MP: 5/5
   182 | D:1      | Reached skill level 3 in Earth Magic
   259 | D:1      | Reached XP level 2. HP: 20/20 MP: 4/7
  1203 | D:2      | Reached XP level 3. HP: 23/26 MP: 9/9
  1635 | D:2      | Killed from afar by an orc priest

Illustrated notes

Levels and vault maps discovered:
D:1:      dpeg_arrival_windows_large_door, layout_rooms
D:2:      layout_loops_corners, ebering_ecumenical_altar_mist,
          minmay_misc_feat_columns

Skill      XL: |  1 |
---------------+----+-----
Earth Magic    | 3 |  3.6
Spellcasting   | 2 |  2.6
Dodging        | |  1.7
Stealth        | |  1.7
Transmutations | |  0.8

Action                     || total
---------------------------++-------
  Melee: Dagger            ||    11
   Cast: Sandblast         ||    51
    Use: Scroll            ||     2
         Potion            ||     1
 Armour: Robe              ||     8
  Dodge: Dodged            ||    26
